 Dungeon Crawl Stone Soup version 0.27-a0-1378-gdefffd1ff6 (webtiles) character file.

Game seed: 16612470657324202626

175 Tocho the Chopper (level 5, -4/46 HPs)
             Began as a Hill Orc Fighter on June 29, 2021.
             Killed from afar by Sigmund (6 damage)
             ... with a magic dart
             ... on level 3 of the Dungeon.
             The game lasted 00:02:59 (2661 turns).

Tocho the Chopper (Hill Orc Fighter)                Turns: 2661, Time: 00:03:00

Health: -4/46      AC:  8    Str: 20    XL:     5   Next: 55%
Magic:  5/5        EV:  7    Int:  8    God:
Gold:   111        SH:  0    Dex: 10    Spells: 4/4 levels left

rFire    . . .     SeeInvis .   a - +0 war axe
rCold    . . .     Faith    .   c - +0 kite shield
rNeg     . . .     Spirit   .   b - +0 scale mail
rPois    .         Reflect  .   h - +0 helmet
rElec    .         Harm     .   (no cloak)
rCorr    .         Rampage  .   (no gloves)
Will     .....                  (no boots)
Stlth    ..........             (no amulet)
HPRegen  0.15/turn              (no ring)
MPRegen  0.09/turn              (no ring)

@: confused, mighty
A: no striking features
a: no special abilities


You were on level 3 of the Dungeon.
You visited 1 branch of the dungeon, and saw 3 of its levels.

You collected 111 gold pieces.

Inventory:

Hand Weapons
 a - a +0 war axe (weapon)
Missiles
 j - 18 arrows
 n - 7 boomerangs (quivered)
Armour
 b - a +0 scale mail (worn)
 c - a +0 kite shield (worn)
 h - a +0 helmet (worn)
Jewellery
 k - a ring of ice
Scrolls
 e - a scroll of noise {unknown}
 f - a scroll of holy word {unknown}
 g - 4 scrolls of identify {unknown}
 l - a scroll of amnesia {unknown}
 m - a scroll of blinking {unknown}
Potions
 i - a potion of resistance {unknown}


   Skills:
 + Level 4.2 Fighting
 * Level 5.2 Axes
 + Level 0.1 Throwing
 + Level 4.1 Armour
 + Level 0.6 Dodging
 + Level 4.1 Shields


You had 4 spell levels left.
You didn't know any spells.
Your spell library was empty.

Dungeon Overview and Level Annotations

Branches:
Dungeon (3/15)

Altars:
Zin

Annotations:
D:3 Sigmund


Message History

Sigmund laughs darkly.
Sigmund completely misses you.
You hit Sigmund.
Sigmund is lightly wounded.
Sigmund barely misses you.
You barely miss Sigmund.
Sigmund is lightly wounded.
Sigmund closely misses you. You block Sigmund's attack.
You hit Sigmund.
Sigmund is moderately wounded.
You block Sigmund's attack.
You closely miss Sigmund.
Sigmund is moderately wounded.
Sigmund barely misses you. Sigmund gestures at you while chanting.
The puff of flame hits you!
You hit Sigmund.
Sigmund is moderately wounded.
Sigmund gestures at you while chanting. The puff of flame hits you!
You barely miss Sigmund.
Sigmund is moderately wounded.
Sigmund casts a spell at you.
You are confused.
You bump into the stone wall.
Sigmund hits you with a +0 scythe!
* * * LOW HITPOINT WARNING * * *
You bump into the stone wall.
Sigmund hits you but does no damage.
You miss Sigmund.
Sigmund is moderately wounded.
Sigmund hits you with a +0 scythe.
* * * LOW HITPOINT WARNING * * *
Sigmund hits you but does no damage.
You miss Sigmund.
Sigmund is moderately wounded.
Sigmund hits you with a +0 scythe.
* * * LOW HITPOINT WARNING * * *
You bump into the stone wall.
Sigmund points at you and mumbles some strange words.
The magic dart hits you.
You die...

###........##.......#..^.#
##..........##.......#....#
...#..##..####.......#....#
.##..####.................#
###.####..####.......#....#
##........# #.......#....##
........#.####.......#.....#
........#.#....#####..#
#.............##@_.##.##
#.#........#...##@##...# !#
. #........#...........#..#
####........8.....8.....# .
#.####...@.8.8.......# # #..
##.##...........# ## #.#
#.##......##)#.# .# ..
...#.####.# .#.# .. ......#
#..... .


You could see Sigmund.

Vanquished Creatures
  An ice beast (D:3)
  3 adders (D:2)
  An adder zombie (D:3)
  A dart slug (D:3)
  5 orcs (D:3)
  2 ball pythons
  2 endoplasms (D:2)
  3 giant cockroaches
  3 goblins
  4 hobgoblins
  5 jackals
  5 kobolds
  3 quokkas
  3 bats
  4 rats
45 creatures vanquished.

Notes
Turn   | Place    | Note
-------+----------+-------------------------------------------
     0 | D:1      | Tocho the Hill Orc Fighter began the quest for the Orb.
     0 | D:1      | Reached XP level 1. HP: 19/19 MP: 1/1
   345 | D:1      | Reached XP level 2. HP: 23/27 MP: 2/2
   530 | D:1      | Reached skill level 3 in Axes
   951 | D:2      | Reached XP level 3. HP: 5/33 MP: 3/3
  1979 | D:2      | Reached skill level 4 in Axes
  1979 | D:2      | Reached XP level 4. HP: 14/40 MP: 4/4
  2324 | D:3      | Noticed an ice beast
  2341 | D:3      | Killed an ice beast
  2342 | D:3      | Reached skill level 5 in Axes
  2342 | D:3      | Reached XP level 5. HP: 23/46 MP: 5/5
  2633 | D:3      | Found a glowing silver altar of Zin.
  2636 | D:3      | Noticed Sigmund
  2660 | D:3      | HP: 2/46 [Sigmund (3)]
  2661 | D:3      | Killed from afar by Sigmund

Illustrated notes

Levels and vault maps discovered:
D:1:      elethiomel_arrival_shortcut, layout_loops_corners
D:2:      layout_basic
D:3:      layout_rooms, zin_statuary, nicolae_hepliaklqana_monster_ancestors,
          uniq_sigmund

Skill      XL: |  1  2  3  4 |
---------------+-------------+-----
Axes           | 3 4 5 |  5.2
Fighting       | 4 |  4.2
Armour         | 4 |  4.1
Shields        | 4 |  4.1
Throwing       | |  0.1
Dodging        | |  0.6

Action                   |  1- 3 |  4- 6 || total
-------------------------+-------+-------++-------
Melee: War axe           |   119 |    60 ||   179
Throw: Boomerang         |       |    17 ||    17
  Use: Potion            |     1 |     1 ||     2
Armor: Scale mail        |    63 |    31 ||    94
Dodge: Dodged            |    46 |    22 ||    68
Block: Kite shield       |    76 |    39 ||   115

Table legend: (Time is in decaauts)
 A = Elapsed time spent in this place.
 B = Non-inter-level travel time spent in this place.
 C = Inter-level travel time spent in this place.
 D = Time resting spent in this place.
 E = Time spent auto-exploring this place.
 F = Levels seen in this place.
 G = Mean time per level.
                   A        B        C        D        E       F      G
               +--------+--------+--------+--------+--------+-----+--------+
         Total |   2765 |   2669 |     96 |    373 |   1821 |   3 |  921.7 |
       Dungeon |   2765 |   2669 |     96 |    373 |   1821 |   3 |  921.7 |
               +--------+--------+--------+--------+--------+-----+--------+

Top non-repeatable levels by time:
     D:2: 1403 daAuts
     D:1: 909 daAuts
     D:3: 451 daAuts
